 Dungeon Crawl Stone Soup version 0.30-a0-862-g1aabd4f9c5 (webtiles) character file.

Game seed: 6908664562957157314

2 Hubjo the Grave Robber (level 1, 0/13 HPs)
             Began as a Demonspawn Necromancer on Mar 8, 2023.
             Slain by a bat (1 damage)
             ... on level 1 of the Dungeon.
             The game lasted 00:00:21 (63 turns).

Hubjo the Grave Robber (Demonspawn Necromancer)       Turns: 63, Time: 00:00:22

Health: 0/13       AC:  2    Str:  8    XL:     1   Next: 33%
Magic:  0/3        EV: 12    Int: 16    God:
Gold:   0          SH:  0    Dex: 13    Spells: 3/4 levels left

rFire   . . .      SeeInvis .    (no weapon)
rCold   . . .      Faith    .    (no shield)
rNeg    . . .      Spirit   .    a - +0 robe
rPois   .          Reflect  .    (no helmet)
rElec   .          Rampage  .    (no cloak)
rCorr   .                        (no gloves)
Will    .....                    (no boots)
Stlth   ++                       (no amulet)
HPRegen 0.22/turn                (no ring)
MPRegen 0.08/turn                (no ring)

@: no status effects
A: no striking features
a: no special abilities


You were on level 1 of the Dungeon.
You visited 1 branch of the dungeon, and saw 1 of its levels.

Inventory:

Armour
 a - a +0 robe (worn)
Potions
 b - a potion of magic
 c - a potion of berserk rage {unknown}


   Skills:
 * Level 0.3 Fighting
 - Level 1.7 Dodging
 + Level 1.8 Stealth
 + Level 2.0 Spellcasting
 + Level 4.4 Necromancy


You had 3 spell levels left.
You knew the following spells:

 Your Spells              Type           Power      Damage    Failure   Level
a - Necrotise             Necr           60%        1d7       3%          1

Your spell library contained the following spells:

 Spells                   Type           Power      Damage    Failure   Level
 Vampiric Draining        Necr           15%        2d7       10%         3
 Animate Dead             Necr           15%        N/A       32%         4
 Agony                    Necr           15%        N/A       67%         5


Dungeon Overview and Level Annotations

Branches:
Dungeon (1/15)

Altars:


Message History

The bat completely misses you.
Your bat skeleton hits the kobold but does no damage.
The endoplasm closely misses your bat skeleton.
The kobold throws a stone.
The stone hits you.
Casting: Necrotise (safe; 3% risk of failure)
Confirm with . or Enter, or press ? or * to list all spells.
Aiming: Necrotise (safe; 3% risk of failure)
Press: ? - help, Shift-Dir - straight line, f - bat
Aim: a bat (heavily wounded, chance to affect: 85%)
The bat writhes in agony.
The bat closely misses you.
Your bat skeleton hits the kobold but does no damage.
The bat hits you.
Your bat skeleton barely misses the kobold.
The endoplasm closely misses your bat skeleton.
You closely miss the bat.
The bat is severely wounded.
The bat barely misses you.
Your bat skeleton hits the kobold but does no damage.
Your bat skeleton closely misses the kobold.
The kobold hits you with a +0 dagger.
Your bat skeleton closely misses the kobold.
You barely miss the bat.
The bat is severely wounded.
The bat closely misses you.
Your bat skeleton hits the kobold but does no damage.
Your bat skeleton closely misses the kobold.
The endoplasm closely misses your bat skeleton.
The kobold hits you but does no damage.
Your bat skeleton barely misses the kobold.
The bat hits you but does no damage.
Your bat skeleton barely misses the kobold.
The bat barely misses you.
Your bat skeleton barely misses the kobold.
The kobold hits you with a +0 dagger. The kobold attacks as you move away!
The kobold hits you with a +0 dagger.
* * * LOW HITPOINT WARNING * * *
Your bat skeleton hits the kobold.
Your bat skeleton closely misses the kobold.
The bat hits you.
You die...

.. #............
####.
#.............
~~~#.## #......#
..... ..~#..#
#..).# #.....
♣.~##.########.#
#......
♣♣~##.....##
#.##(......
♣.♣##.###..#
#ZJ.......
..~...#
##.###K.b..##.#
P.♣##(#
#...)..@..#
PP~##.#
##>.......#
P.~##.#
##.......#
~~~##.#
#.......#
#####.#
#.......# ..#
#.......# ###
#########


You could see an endoplasm, a bat, a kobold (distracted, ally target) and a
friendly bat skeleton.

Vanquished Creatures
  A goblin (D:1)
  A bat (D:1)
2 creatures vanquished.

Vanquished Creatures (collateral kills)
  A goblin (D:1)
1 creature vanquished.

Grand Total: 3 creatures vanquished

Notes
Turn   | Place    | Note
-------+----------+-------------------------------------------
     0 | D:1      | Hubjo the Demonspawn Necromancer began the quest for the
                  | Orb.
     0 | D:1      | Reached XP level 1. HP: 13/13 MP: 3/3
    63 | D:1      | Slain by a bat

Illustrated notes

Levels and vault maps discovered:
D:1:      ldierk_walled_garden, layout_basic, nicolae_ecumenical_snake_handling,
          grunt_decor_cap

Action                     || total
---------------------------++-------
  Melee: Unarmed           ||     8
   Cast: Necrotise         ||     5
 Armour: Robe              ||     8
  Dodge: Dodged            ||    14

Table legend: (Time is in decaauts)
 A = Elapsed time spent in this place.
 B = Non-inter-level travel time spent in this place.
 C = Inter-level travel time spent in this place.
 D = Time resting spent in this place.
 E = Time spent auto-exploring this place.
 F = Levels seen in this place.
 G = Mean time per level.
                   A        B        C        D        E       F      G
               +--------+--------+--------+--------+--------+-----+--------+
         Total |     64 |     64 |      0 |      0 |     33 |   1 |   64.0 |
       Dungeon |     64 |     64 |      0 |      0 |     33 |   1 |   64.0 |
               +--------+--------+--------+--------+--------+-----+--------+

Top non-repeatable levels by time:
     D:1: 64 daAuts
